 Dungeon Crawl Stone Soup version 0.26-a0-708-g17f3b19 (webtiles) character file.

Game seed: 6665314956725843441

58 BarneyGumball the Skirmisher (level 4, 0/29 HPs)
             Began as a Gargoyle Fighter on Oct 28, 2020.
             Slain by Sigmund
             ... wielding a +0 scythe
              (6 damage)
             ... on level 2 of the Dungeon.
             The game lasted 00:01:34 (911 turns).

BarneyGumball the Skirmisher (Gargoyle Fighter)      Turns: 911, Time: 00:01:34

Health: 0/29       AC: 10    Str: 21    XL:     4   Next: 2%
Magic:  4/4        EV:  7    Int:  8    God:
Gold:   35         SH:  9    Dex:  9    Spells: 3/3 levels left

rFire    . . .     SeeInvis .   o - +2 mace (venom)
rCold    . . .     Faith    .   c - +0 kite shield
rNeg     + . .     Spirit   .   b - +0 scale mail
rPois    ∞         Reflect  .   (no helmet)
rElec    +         Harm     .   (no cloak)
rCorr    .         Rampage  .   (no gloves)
MR       .....                  (no boots)
Stlth    ..........             (no amulet)
HPRegen  0.09/turn              (no ring)
MPRegen  0.09/turn              (no ring)

@: mighty
A: negative energy resistance 1, electricity resistance, unbreathing,
petrification resistance, rot immunity, AC +3
a: no special abilities


You were on level 2 of the Dungeon.
You visited 1 branch of the dungeon, and saw 2 of its levels.

You collected 35 gold pieces.

Inventory:

Hand Weapons
 a - a +0 flail
 o - a +2 mace of venom (weapon)
Armour
 b - a +0 scale mail (worn)
 c - a +0 kite shield (worn)
 n - a +0 crystal plate armour
Jewellery
 l - an uncursed ring of ice {unknown}
Scrolls
 e - 2 scrolls of teleportation {unknown}
 f - 3 scrolls of remove curse {unknown}
 g - a scroll of fear {unknown}
 j - 2 scrolls of magic mapping {unknown}
 k - 2 scrolls of identify {unknown}
Potions
 h - a potion of curing {unknown}
 i - 2 potions of heal wounds {unknown}
 m - 2 potions of brilliance {unknown}


   Skills:
 + Level 4.0 Fighting
 * Level 3.6 Maces & Flails
 - Level 3.2 Armour
 - Level 3.2 Shields


You had 3 spell levels left.
You didn't know any spells.
Your spell library was empty.

Dungeon Overview and Level Annotations

Branches:
Dungeon (2/15)

Altars:
Qazlal

Annotations:
D:2 Sigmund


Innate Abilities, Weirdness & Mutations

You are resistant to torment.
Your stone body is resilient. (AC +3)
You are immune to poison.
You resist negative energy. (rN+)
You are resistant to electric shocks. (rElec)
You can survive without breathing.
You are immune to petrification.
You are immune to rotting.


Message History

Sigmund hits you from afar with a +0 scythe!
Sigmund hits you but does no damage.
You bump into the rock wall.
You feel less confused.
Sigmund casts a spell.
Sigmund flickers and vanishes!
Deactivating autopickup; reactivate with Ctrl-A.
You barely miss something. Something hits you.
* * * LOW HITPOINT WARNING * * *
You barely miss something. Something completely misses you.
You hit something. You block something's attack.
You hit something. Something hits you but does no damage.
You feel very mighty all of a sudden.
You thump something!
You hear some strange, mumbled words.
Something tries to affect you, but you resist.
You block something's attack.
You barely miss something. You closely miss something. Something hits you.
You die...

..# .# # . # #.###.# #
....#.#.....# ## #........#
.. #. #..#.##.)# #.#.## #.
.. #..###### #..... #. #..
#.......# #...# #. #.
##..##.#.# #...#####. ..
........{@# #####......... .
...###...#..###.............
#. #...>.................. .
#....#.###.............
#......# ####.....####.
#.###..### #..........
#......# #.....#####
#####.## ##.....## #.#
#.......#


There were no monsters in sight!

Vanquished Creatures
  Terence (D:2)
  An ooze (D:1)
  3 dart slugs
  6 bats
  A giant cockroach (D:2)
  3 goblins
  A hobgoblin (D:2)
  2 quokkas (D:2)
  2 frilled lizards (D:2)
  5 rats
25 creatures vanquished.

Notes
Turn   | Place    | Note
-------+----------+-------------------------------------------
     0 | D:1      | BarneyGumball the Gargoyle Fighter began the quest for the
                  | Orb.
     0 | D:1      | Reached XP level 1. HP: 14/14 MP: 1/1
    49 | D:1      | Reached XP level 2. HP: 19/19 MP: 2/2
   538 | D:2      | Reached XP level 3. HP: 21/24 MP: 3/3
   705 | D:2      | Found a stormy altar of Qazlal.
   755 | D:2      | Noticed Terence
   777 | D:2      | Killed Terence
   777 | D:2      | Reached skill level 4 in Fighting
   777 | D:2      | Reached XP level 4. HP: 23/29 MP: 4/4
   887 | D:2      | Noticed Sigmund
   911 | D:2      | Slain by Sigmund

Illustrated notes

Levels and vault maps discovered:
D:1:      lightli_arrival_noodles, layout_basic, minmay_misc_feat_iff,
          minmay_box_of_dots
D:2:      layout_loops_cross, grunt_qazlal_clouds, uniq_terence, uniq_sigmund

Skill      XL: |  1  2  3 |
---------------+----------+-----
Maces & Flails | 3 |  3.6
Fighting       | 4 |  4.0
Armour         | |  3.2
Shields        | |  3.2

Action                   |  1- 3 |  4- 6 || total
-------------------------+-------+-------++-------
Melee: Flail             |   110 |       ||   110
       Mace              |       |     8 ||     8
  Use: Potion            |       |     1 ||     1
Armor: Scale mail        |    66 |     2 ||    68
Dodge: Dodged            |    46 |     1 ||    47
Block: Kite shield       |    69 |     2 ||    71

Table legend: (Time is in decaauts)
 A = Elapsed time spent in this place.
 B = Non-inter-level travel time spent in this place.
 C = Inter-level travel time spent in this place.
 D = Time resting spent in this place.
 E = Time spent auto-exploring this place.
 F = Levels seen in this place.
 G = Mean time per level.
                   A        B        C        D        E       F      G
               +--------+--------+--------+--------+--------+-----+--------+
         Total |    951 |    928 |     23 |     56 |    642 |   2 |  475.5 |
       Dungeon |    951 |    928 |     23 |     56 |    642 |   2 |  475.5 |
               +--------+--------+--------+--------+--------+-----+--------+

Top non-repeatable levels by time:
     D:1: 508 daAuts
     D:2: 442 daAuts
